[Event "II Cerrado Promocion FNA 2022"]
[Site "Pamplona"]
[Date "2022.01.03"]
[Round "1.2"]
[White "Pinto, Daniel"]
[Black "Labiano Hernandez, Juan"]
[Result "0-1"]
[ECO "B23"]
[WhiteElo "2215"]
[BlackElo "2210"]
[Annotator "ChessBase"]
[PlyCount "156"]
[EventDate "2022.01.02"]
[EventType "tourn"]
[EventCountry "ESP"]
[SourceTitle "playchess.com"]
[Source "ChessBase"]
[SourceQuality "1"]
[TimeControl "5400+30"]

1. e4 Nf6 2. Nc3 e5 3. g3 d5 4. exd5 c6 5. d4 exd4 6. Qxd4 cxd5 7. Bg5 Be7 8. Bg2 O-O 9. Nge2 Nc6 10. Qd2 d4 11. Bxf6 Bxf6 12. Nd5 Bg5 13. f4 Be6 14. c4 dxc3 15. bxc3 Be7 16. O-O Bc5+ 17. Kh1 Ne7 18. c4 Bxd5 19. cxd5 Qd7 20. f5 Nxf5 21. Qc2 Nd4 22. Nxd4 Bxd4 23. Rad1 Be5 24. Qf5 Qxf5 25. Rxf5 Bd6 26. Rff1 Rfe8 27. Rfe1 Rxe1+ 28. Rxe1 Kf8 29. Bh3 Rd8 30. Rc1 Ke7 31. Bc8 b6 32. Bb7 Bc5 33. a4 Kd6 34. Bc6 Rb8 35. Rf1 Rf8 36. g4 Bd4 37. Kg2 f6 38. Kf3 Be5 39. Ke4 Rf7 40. g5 Bxh2 41. Rh1 Be5 42. gxf6 gxf6 43. Kf5 Rg7 44. Rh5 a6 45. Ke4 Rg4+ 46. Kf3 Rg7 47. Ke4 Kc5 48. Kf5 Re7 49. Rh1 Bd4 50. Rc1+ Kd6 51. Rc2 Re5+ 52. Kf4 Rg5 53. Bb7 Be5+ 54. Kf3 Rg3+ 55. Ke4 Rg4+ 56. Kf3 Rf4+ 57. Ke3 Rxa4 58. Rc6+ Kd7 59. Bc8+ Ke7 60. Ke2 b5 61. Bxa6 b4 62. Re6+ Kd8 63. Bc4 Ra8 64. Bd3 h6 65. Bb5 Rb8 66. Ba4 Kc7 67. Rc6+ Kb7 68. Re6 Rd8 69. Bc6+ Kc7 70. Re7+ Kd6 71. Rb7 Kc5 72. Kd3 Rb8 73. Rxb8 Bxb8 74. Kc2 Kd4 75. Kb3 Bd6 76. Bd7 Kxd5 77. Bg4 Ke4 78. Kc4 f5 0-1

[Event "II Cerrado Promocion FNA 2022"]
[Site "Pamplona"]
[Date "2022.01.03"]
[Round "1.3"]
[White "Minzer, Claudio Javier"]
[Black "Alonso Bouza, Julio Javier"]
[Result "1/2-1/2"]
[ECO "D14"]
[WhiteElo "2442"]
[BlackElo "2396"]
[Annotator "ChessBase"]
[PlyCount "62"]
[EventDate "2022.01.02"]
[EventType "tourn"]
[EventCountry "ESP"]
[SourceTitle "playchess.com"]
[Source "ChessBase"]
[SourceQuality "1"]
[TimeControl "5400+30"]

1. d4 d5 2. c4 c6 3. cxd5 cxd5 4. Nc3 Nf6 5. Nf3 Nc6 6. Bf4 Bf5 7. e3 e6 8. Bd3 Bxd3 9. Qxd3 Bd6 10. Bxd6 Qxd6 11. O-O O-O 12. Qb5 a6 13. Qe2 h6 14. Rfc1 Rfc8 15. h3 Nd7 16. Na4 Ne7 17. Qd1 Rxc1 18. Rxc1 Rc8 19. Rxc8+ Nxc8 20. Qc2 Ne7 21. a3 Qc6 22. Qxc6 Nxc6 23. Nd2 Kf8 24. Kf1 Ke7 25. Ke2 Kd6 26. Kd3 f5 27. Nc3 e5 28. f3 e4+ 29. fxe4 fxe4+ 30. Ke2 Nf6 31. b4 Na7 1/2-1/2

[Event "II Cerrado Promocion FNA 2022"]
[Site "Pamplona"]
[Date "2022.01.03"]
[Round "1.4"]
[White "Luque Saiz, Andres"]
[Black "Habans Aguerrea, Javier"]
[Result "0-1"]
[ECO "B30"]
[WhiteElo "2288"]
[BlackElo "2298"]
[Annotator "ChessBase"]
[PlyCount "100"]
[EventDate "2022.01.02"]
[EventType "tourn"]
[EventCountry "ESP"]
[SourceTitle "playchess.com"]
[Source "ChessBase"]
[SourceQuality "1"]
[TimeControl "5400+30"]

1. e4 c5 2. Nf3 Nc6 3. Bb5 Nf6 4. e5 Nd5 5. Nc3 Nc7 6. Bxc6 dxc6 7. d3 g6 8. Bf4 Bg7 9. h3 Ne6 10. Bg3 O-O 11. Qd2 Nd4 12. Nh2 Bf5 13. Rc1 Qa5 14. O-O c4 15. f4 Rad8 16. Nf3 Qb6 17. Nxd4 Qxd4+ 18. Bf2 Qd7 19. d4 h5 20. Qe3 b5 21. Rfd1 b4 22. Ne2 Bh6 23. c3 Rb8 24. b3 cxb3 25. axb3 bxc3 26. Rxc3 Be6 27. Ng3 Bd5 28. Re1 Qe6 29. Ne4 Qf5 30. Bg3 Rb4 31. Nc5 e6 32. Ra1 Rd8 33. Na6 Rb5 34. Nc5 a5 35. Rd1 Rdb8 36. Rf1 a4 37. bxa4 Rb2 38. Rf2 Rxf2 39. Qxf2 Rb1+ 40. Kh2 Ra1 41. Rc2 h4 42. Bxh4 Bxf4+ 43. Bg3 Be3 44. Qxe3 Qxc2 45. Bf2 Qd1 46. Kg3 Qf1 47. Ne4 Bxe4 48. Qxe4 Ra3+ 49. Be3 Qe2 50. Kf4 g5+ 0-1

[Event "II Cerrado Promocion FNA 2022"]
[Site "Pamplona"]
[Date "2022.01.03"]
[Round "1.5"]
[White "Garrido Outon, Alex"]
[Black "Urriza Iricibar, Pablo"]
[Result "1-0"]
[ECO "B81"]
[WhiteElo "2412"]
[BlackElo "2286"]
[Annotator "ChessBase"]
[PlyCount "65"]
[EventDate "2022.01.02"]
[EventType "tourn"]
[EventCountry "ESP"]
[SourceTitle "playchess.com"]
[Source "ChessBase"]
[SourceQuality "1"]
[TimeControl "5400+30"]

1. e4 c5 2. Nf3 d6 3. d4 cxd4 4. Nxd4 Nf6 5. Nc3 e6 6. g4 h6 7. Rg1 Nc6 8. Be3 a6 9. Be2 Be7 10. Qd2 Nxd4 11. Qxd4 e5 12. Qd2 Be6 13. Bf3 b5 14. h4 b4 15. Na4 Rb8 16. g5 hxg5 17. hxg5 Ng4 18. g6 fxg6 19. O-O-O Nxe3 20. Qxe3 Bf7 21. Be2 a5 22. Kb1 Qc7 23. b3 Rh4 24. Rg4 Rh2 25. Qg3 Rh6 26. Qe3 Rh2 27. Rgg1 Rh4 28. Rh1 g5 29. Bd3 Kf8 30. Nb2 Qc5 31. Qe2 Rc8 32. Bc4 Bh5 33. Rxh4 1-0

[Event "II Cerrado Promocion FNA 2022"]
[Site "Pamplona"]
[Date "2022.01.03"]
[Round "2.2"]
[White "Habans Aguerrea, Javier"]
[Black "Garrido Outon, Alex"]
[Result "0-1"]
[ECO "E09"]
[WhiteElo "2298"]
[BlackElo "2412"]
[Annotator "ChessBase"]
[PlyCount "164"]
[EventDate "2022.01.02"]
[EventType "tourn"]
[EventCountry "ESP"]
[SourceTitle "playchess.com"]
[Source "ChessBase"]
[SourceQuality "1"]
[TimeControl "5400+30"]

1. Nf3 d5 2. d4 Nf6 3. c4 e6 4. g3 Be7 5. Bg2 O-O 6. Qc2 c6 7. Nbd2 b6 8. O-O Bb7 9. Ne5 Nbd7 10. e4 Nxe5 11. dxe5 Nd7 12. exd5 cxd5 13. cxd5 Rc8 14. Qa4 Nc5 15. Qg4 Bxd5 16. Nf3 Be4 17. Nh4 Qd5 18. Re1 Bxh4 19. Bxe4 Nxe4 20. Rxe4 f5 21. exf6 Bxf6 22. Rxe6 Rc2 23. Be3 Kf7 24. Re4 Rd8 25. Re1 Rxb2 26. a4 Rb3 27. Rc4 Rd7 28. a5 h5 29. Qe2 Rb2 30. Qf1 Qxa5 31. Rec1 Qf5 32. Rc8 Rb5 33. Qc4+ Rbd5 34. Qb3 Kg6 35. h4 Rd1+ 36. Rxd1 Rxd1+ 37. Qxd1 Qxc8 38. Qd3+ Qf5 39. Qa6 Qd7 40. Kh2 Kh7 41. Kg1 Kg6 42. Kf1 Kh7 43. Ke2 g6 44. Ke1 Bg7 45. Ke2 Bh6 46. f4 Bg7 47. Bf2 Bf8 48. f5 gxf5 49. Be3 Bh6 50. Bf2 Qd2+ 51. Kf1 Qd7 52. Ke2 Kg6 53. Kf1 Bg7 54. Ke2 Be5 55. Kf3 Qc7 56. Kg2 Bd6 57. Qa2 Qf7 58. Qa6 Kh7 59. Qe2 Bc5 60. Be1 Bd4 61. Qa6 Qd5+ 62. Kh2 Qd7 63. Bd2 Qe7 64. Bf4 Kg6 65. Qc4 Qe4 66. Qg8+ Bg7 67. Qb8 Qe7 68. Bc7 Kh7 69. Qxa7 Bd4 70. Qb7 Qe2+ 71. Kh1 Qf1+ 72. Kh2 Qe2+ 73. Kh1 Qe4+ 74. Qxe4 fxe4 75. Kg2 Kg6 76. Kf1 Kf5 77. Ke2 b5 78. Bd6 Be5 79. Be7 Bxg3 80. Ke3 Be5 81. Bb4 Bc7 82. Bc5 Bd8 0-1

[Event "II Cerrado Promocion FNA 2022"]
[Site "Pamplona"]
[Date "2022.01.03"]
[Round "2.3"]
[White "Alonso Bouza, Julio Javier"]
[Black "Luque Saiz, Andres"]
[Result "1/2-1/2"]
[ECO "B13"]
[WhiteElo "2396"]
[BlackElo "2288"]
[Annotator "ChessBase"]
[PlyCount "120"]
[EventDate "2022.01.02"]
[EventType "tourn"]
[EventCountry "ESP"]
[SourceTitle "playchess.com"]
[Source "ChessBase"]
[SourceQuality "1"]
[TimeControl "5400+30"]

1. e4 c6 2. d4 d5 3. exd5 cxd5 4. c4 Nf6 5. Nc3 Nc6 6. Nf3 Be6 7. c5 g6 8. h3 Bg7 9. Bb5 Bd7 10. O-O O-O 11. Re1 a6 12. Bxc6 Bxc6 13. Ne5 Nd7 14. f4 Re8 15. b4 f6 16. Nxc6 bxc6 17. Qa4 Qc8 18. Be3 Qc7 19. Re2 e5 20. Rf1 Nf8 21. f5 gxf5 22. Rxf5 Ne6 23. Qd1 Qd7 24. Rf1 Rab8 25. a3 Re7 26. Ref2 exd4 27. Bxd4 Nxd4 28. Qxd4 Rbe8 29. Rf3 Re1 30. Qd3 Rxf1+ 31. Rxf1 Qe6 32. Nd1 Qe2 33. Qf5 Re6 34. Nf2 Qe3 35. Kh1 Qe5 36. Qb1 Qg3 37. Ng4 Re4 38. a4 f5 39. Nh2 Be5 40. Nf3 Bc7 41. b5 axb5 42. axb5 Re2 43. Rg1 Kh8 44. Qxf5 cxb5 45. Qc8+ Kg7 46. Qd7+ Kh8 47. Qxd5 Rf2 48. Qf7 h6 49. Qf8+ Kh7 50. Qf7+ Kh8 51. Qf6+ Kh7 52. Qe7+ Kh8 53. Qe8+ Kh7 54. Qe4+ Kh8 55. Qd4+ Kh7 56. Qd3+ Kh8 57. Qd4+ Kh7 58. Qe4+ Kh8 59. Qe8+ Kh7 60. Qf7+ Kh8 1/2-1/2

[Event "II Cerrado Promocion FNA 2022"]
[Site "Pamplona"]
[Date "2022.01.03"]
[Round "2.4"]
[White "Labiano Hernandez, Juan"]
[Black "Minzer, Claudio Javier"]
[Result "1/2-1/2"]
[ECO "B53"]
[WhiteElo "2210"]
[BlackElo "2442"]
[Annotator "ChessBase"]
[PlyCount "191"]
[EventDate "2022.01.02"]
[EventType "tourn"]
[EventCountry "ESP"]
[SourceTitle "playchess.com"]
[Source "ChessBase"]
[SourceQuality "1"]
[TimeControl "5400+30"]

1. e4 c5 2. Nf3 Nc6 3. Bb5 d6 4. d4 cxd4 5. Qxd4 Bd7 6. Bxc6 Bxc6 7. c4 f5 8. exf5 Qa5+ 9. Nc3 Qxf5 10. Nd5 e5 11. Qd1 Rc8 12. O-O Nf6 13. Re1 Be7 14. Nd4 Qd7 15. Nxe7 Kxe7 16. Bg5 h6 17. Bxf6+ gxf6 18. Qd3 Rcg8 19. Nf5+ Qxf5 20. Qxf5 Bxg2 21. Qd3 Be4+ 22. Qg3 f5 23. c5 d5 24. f3 Bxf3 25. Rxe5+ Kf6 26. Re3 Rxg3+ 27. hxg3 Be4 28. Rd1 Ke5 29. Ra3 a6 30. Rb3 d4 31. Rb4 d3 32. Rb6 h5 33. Rd6 h4 34. R1xd3 hxg3 35. Rxg3 Rh1+ 36. Kf2 Rh2+ 37. Ke1 Rxb2 38. Rd2 Rb1+ 39. Kf2 Rc1 40. Rb3 Rxc5 41. Re2 Kf4 42. Ke1 Rc1+ 43. Kd2 Rc2+ 44. Kd1 Rc7 45. Rf2+ Ke5 46. Rh2 Rg7 47. Re2 Rg1+ 48. Kd2 Rg7 49. Ke1 Rc7 50. Kd2 Rc4 51. Ke1 Kf4 52. Rf2+ Ke5 53. Kd2 f4 54. a3 Rd4+ 55. Ke1 f3 56. Rfxf3 Bxf3 57. Rxf3 Kd5 58. Rc3 b5 59. Ke2 Rc4 60. Rh3 Kc5 61. Kd3 Kb6 62. Rh6+ Ka5 63. Kd2 Ra4 64. Rh3 Rc4 65. Rh6 Rc8 66. Rg6 Rc4 67. Rh6 Ra4 68. Rh3 Rf4 69. Kc2 Ka4 70. Kb2 Rf2+ 71. Kb1 Rd2 72. Rg3 Rd6 73. Kb2 Ka5 74. Rg2 Kb6 75. Rc2 Rd4 76. Rh2 Kc5 77. Rc2+ Rc4 78. Rh2 Re4 79. Rc2+ Kd5 80. Rd2+ Rd4 81. Rh2 a5 82. Kc3 Rc4+ 83. Kb2 Rg4 84. Rd2+ Kc4 85. Rc2+ Kd3 86. Rc5 Rg2+ 87. Kb1 b4 88. axb4 axb4 89. Rc1 Rd2 90. Rh1 Kc3 91. Rh3+ Kc4 92. Rh1 Kb3 93. Rh3+ Ka4 94. Rh1 Ka3 95. Rh3+ b3 96. Rh1 1/2-1/2

[Event "II Cerrado Promocion FNA 2022"]
[Site "Pamplona"]
[Date "2022.01.03"]
[Round "2.5"]
[White "Escartin Lacasa, Jose"]
[Black "Pinto, Daniel"]
[Result "0-1"]
[ECO "D11"]
[WhiteElo "2315"]
[BlackElo "2215"]
[Annotator "ChessBase"]
[PlyCount "72"]
[EventDate "2022.01.02"]
[EventType "tourn"]
[EventCountry "ESP"]
[SourceTitle "playchess.com"]
[Source "ChessBase"]
[SourceQuality "1"]
[TimeControl "5400+30"]

1. d4 Nf6 2. Nf3 d5 3. c4 c6 4. e3 Bg4 5. h3 Bh5 6. Qb3 Qb6 7. Nc3 e6 8. c5 Qc7 9. Qa4 Nbd7 10. b4 Be7 11. b5 O-O 12. bxc6 bxc6 13. Be2 e5 14. Nh4 Bxe2 15. Nxe2 Rfe8 16. Nf5 Bf8 17. Nfg3 h5 18. h4 g6 19. O-O e4 20. Nf4 Nh7 21. Nge2 Ndf6 22. Nh3 Ng4 23. Nef4 Bh6 24. Bd2 Bxf4 25. Nxf4 g5 26. Ba5 Qd7 27. hxg5 Nxg5 28. Nxh5 Qe6 29. Rfb1 Qh6 30. Nf4 Rab8 31. Qc2 Nf3+ 32. Kf1 Nxd4 33. exd4 Qxf4 34. Qe2 e3 35. g3 Rxb1+ 36. Rxb1 Qe4 0-1

[Event "II Cerrado Promocion FNA 2022"]
[Site "Pamplona"]
[Date "2022.01.03"]
[Round "3.2"]
[White "Minzer, Claudio Javier"]
[Black "Escartin Lacasa, Jose"]
[Result "1/2-1/2"]
[ECO "A11"]
[WhiteElo "2442"]
[BlackElo "2315"]
[Annotator "ChessBase"]
[PlyCount "82"]
[EventDate "2022.01.02"]
[EventType "tourn"]
[EventCountry "ESP"]
[SourceTitle "playchess.com"]
[Source "ChessBase"]
[SourceQuality "1"]
[TimeControl "5400+30"]

1. Nf3 Nf6 2. g3 d5 3. c4 c6 4. Bg2 Bf5 5. Qb3 Qc8 6. O-O e6 7. d3 Nbd7 8. Nc3 h6 9. Bf4 Be7 10. cxd5 exd5 11. Rac1 Nc5 12. Qd1 Ne6 13. Be5 Qd8 14. Nd4 Nxd4 15. Bxd4 O-O 16. e4 dxe4 17. dxe4 Bg4 18. f3 Be6 19. f4 Bg4 20. Bf3 Bxf3 21. Rxf3 Qa5 22. e5 Rfd8 23. Rd3 Nd5 24. e6 Nxc3 25. exf7+ Kxf7 26. Rcxc3 Qxa2 27. Rb3 b6 28. Be5 Qa4 29. Qh5+ Kg8 30. Qg6 Bf8 31. Qe6+ Kh7 32. Qf5+ Kh8 33. Qg6 Kg8 34. Qe6+ Kh7 35. Qf5+ Kh8 36. Qg6 Kg8 37. Kf1 Kh8 38. Kg1 Kg8 39. Rxd8 Rxd8 40. Rd3 Kh8 41. Kf1 Bc5 1/2-1/2

[Event "II Cerrado Promocion FNA 2022"]
[Site "Pamplona"]
[Date "2022.01.03"]
[Round "3.3"]
[White "Luque Saiz, Andres"]
[Black "Labiano Hernandez, Juan"]
[Result "1-0"]
[ECO "C54"]
[WhiteElo "2288"]
[BlackElo "2210"]
[Annotator "ChessBase"]
[PlyCount "129"]
[EventDate "2022.01.02"]
[EventType "tourn"]
[EventCountry "ESP"]
[SourceTitle "playchess.com"]
[Source "ChessBase"]
[SourceQuality "1"]
[TimeControl "5400+30"]

1. e4 e5 2. Nf3 Nc6 3. Bc4 Nf6 4. d3 Bc5 5. c3 d6 6. Nbd2 a5 7. O-O O-O 8. h3 Be6 9. Bb5 Ba7 10. Re1 Ne7 11. d4 c6 12. Bd3 Ng6 13. Nf1 h6 14. Ng3 Qd7 15. Be3 Bb8 16. Qd2 Kh7 17. Bc2 Bc7 18. b3 Rad8 19. Rad1 Qc8 20. c4 Rfe8 21. Qc3 Kg8 22. d5 Bd7 23. Qd2 Kh7 24. Bd3 Qb8 25. Rb1 cxd5 26. cxd5 b5 27. b4 a4 28. Rbc1 Bb6 29. Rc2 Rc8 30. Rec1 Rxc2 31. Rxc2 Bxe3 32. Qxe3 Nf4 33. Bf1 g5 34. Ne2 Rg8 35. Nxf4 gxf4 36. Qd3 Bxh3 37. Nxe5 Bxg2 38. Bxg2 dxe5 39. Qh3 Rg5 40. Kf1 Qf8 41. a3 Qg7 42. d6 Qf8 43. Rd2 Qd8 44. d7 h5 45. Rd6 Kg7 46. Qc3 Nxd7 47. Bh3 Qa8 48. Bxd7 Qxe4 49. Bc6 Qb1+ 50. Ke2 Qf5 51. Qd3 Qg4+ 52. Bf3 Qc8 53. Rc6 Qe8 54. Qxb5 Qe7 55. Qc5 Qxc5 56. Rxc5 h4 57. b5 h3 58. b6 Rg1 59. b7 Rb1 60. Rc8 Rb2+ 61. Kd3 Rxf2 62. b8=Q Rxf3+ 63. Ke4 Re3+ 64. Kf5 h2 65. Rg8+ 1-0

[Event "II Cerrado Promocion FNA 2022"]
[Site "Pamplona"]
[Date "2022.01.03"]
[Round "3.4"]
[White "Garrido Outon, Alex"]
[Black "Alonso Bouza, Julio Javier"]
[Result "1-0"]
[ECO "C80"]
[WhiteElo "2412"]
[BlackElo "2396"]
[Annotator "ChessBase"]
[PlyCount "81"]
[EventDate "2022.01.02"]
[EventType "tourn"]
[EventCountry "ESP"]
[SourceTitle "playchess.com"]
[Source "ChessBase"]
[SourceQuality "1"]
[TimeControl "5400+30"]

1. e4 e5 2. Nf3 Nc6 3. Bb5 a6 4. Ba4 Nf6 5. O-O Nxe4 6. d4 exd4 7. Re1 d5 8. Nxd4 Bd6 9. Nxc6 Bxh2+ 10. Kh1 Qh4 11. Rxe4+ dxe4 12. Qd8+ Qxd8 13. Nxd8+ Kxd8 14. Kxh2 Be6 15. Be3 f5 16. Nd2 Ke7 17. c3 Rhd8 18. Bg5+ Kf7 19. Bxd8 Rxd8 20. Nf1 Kf6 21. Bb3 Bxb3 22. axb3 h5 23. Re1 g5 24. g3 h4 25. gxh4 Rh8 26. Ne3 Rxh4+ 27. Kg2 f4 28. Nc2 Rg4+ 29. Kf1 Rh4 30. Rxe4 Rh1+ 31. Kg2 Rb1 32. b4 Rxb2 33. Nd4 a5 34. bxa5 c5 35. Re6+ Kf7 36. Re2 Rxe2 37. Nxe2 Ke6 38. c4 Kf5 39. f3 g4 40. Nc1 Ke5 41. Nb3 1-0

[Event "II Cerrado Promocion FNA 2022"]
[Site "Pamplona"]
[Date "2022.01.03"]
[Round "3.5"]
[White "Urriza Iricibar, Pablo"]
[Black "Habans Aguerrea, Javier"]
[Result "0-1"]
[ECO "B15"]
[WhiteElo "2286"]
[BlackElo "2298"]
[Annotator "ChessBase"]
[PlyCount "60"]
[EventDate "2022.01.02"]
[EventType "tourn"]
[EventCountry "ESP"]
[SourceTitle "playchess.com"]
[Source "ChessBase"]
[SourceQuality "1"]
[TimeControl "5400+30"]

1. e4 c6 2. d4 d5 3. Nc3 dxe4 4. Nxe4 Nf6 5. Nxf6+ exf6 6. c3 Bd6 7. Bd3 O-O 8. Qc2 Re8+ 9. Ne2 h5 10. O-O h4 11. h3 Nd7 12. Be3 Nf8 13. Rad1 Be6 14. c4 Qd7 15. Nf4 Bxf4 16. Bxf4 Ng6 17. Be3 Ne7 18. Rfe1 a6 19. Bh7+ Kh8 20. Be4 Rad8 21. Qe2 g6 22. d5 cxd5 23. Bd4 Kg7 24. Qf3 Bf5 25. Bxf5 Nxf5 26. Bb6 Rxe1+ 27. Rxe1 Re8 28. Rxe8 Qxe8 29. Qxd5 Qe1+ 30. Kh2 Ng3 0-1

[Event "II Cerrado Promocion FNA 2022"]
[Site "Pamplona"]
[Date "2022.01.05"]
[Round "5.4"]
[White "Urriza Iricibar, Pablo"]
[Black "Labiano Hernandez, Juan"]
[Result "1-0"]
[ECO "C45"]
[WhiteElo "2286"]
[BlackElo "2210"]
[Annotator "ChessBase"]
[PlyCount "81"]
[EventDate "2022.01.02"]
[EventType "tourn"]
[EventCountry "ESP"]
[SourceTitle "playchess.com"]
[Source "ChessBase"]
[SourceQuality "1"]
[TimeControl "5400+30"]

1. e4 e5 2. Nf3 Nc6 3. d4 exd4 4. Nxd4 Nf6 5. Nxc6 bxc6 6. e5 Qe7 7. Qe2 Nd5 8. h4 a5 9. c4 Ba6 10. g3 Qe6 11. Nd2 Bb4 12. Bh3 Qe7 13. O-O Nb6 14. b3 O-O 15. Ne4 Rae8 16. Bb2 d5 17. Nf6+ Qxf6 18. a3 Bc5 19. b4 Nxc4 20. bxc5 Nxb2 21. Qxa6 Rxe5 22. Qxa5 Qe7 23. a4 Nc4 24. Qb4 Re2 25. Rfe1 Qf6 26. Rxe2 Qxa1+ 27. Re1 Qb2 28. Qxb2 Nxb2 29. a5 Nc4 30. a6 Ra8 31. a7 f5 32. Ra1 g6 33. g4 Nd2 34. gxf5 Nb3 35. Rb1 Rxa7 36. Rxb3 Ra4 37. f6 Kf7 38. Rf3 Re4 39. Bd7 Rc4 40. Be6+ Kf8 41. Ra3 1-0

[Event "II Cerrado Promocion FNA 2022"]
[Site "Pamplona"]
[Date "2022.01.05"]
[Round "5.5"]
[White "Habans Aguerrea, Javier"]
[Black "Alonso Bouza, Julio Javier"]
[Result "1/2-1/2"]
[ECO "B08"]
[WhiteElo "2298"]
[BlackElo "2396"]
[Annotator "ChessBase"]
[PlyCount "62"]
[EventDate "2022.01.02"]
[EventType "tourn"]
[EventCountry "ESP"]
[SourceTitle "playchess.com"]
[Source "ChessBase"]
[SourceQuality "1"]
[TimeControl "5400+30"]

1. d4 d6 2. e4 Nf6 3. Nc3 g6 4. Nf3 Bg7 5. Bc4 O-O 6. O-O Bg4 7. h3 Bxf3 8. Qxf3 Nc6 9. Ne2 e5 10. d5 Ne7 11. Nc3 Nd7 12. Qe2 f5 13. exf5 gxf5 14. Bg5 Bf6 15. Bxf6 Rxf6 16. f4 Kh8 17. Bb5 c6 18. dxc6 bxc6 19. fxe5 Nxe5 20. Bd3 Qb6+ 21. Kh1 Qxb2 22. Qd2 Qb7 23. Ne2 c5 24. Rab1 Qc6 25. Nf4 Rg8 26. Bb5 Qa8 27. Ba6 Rb8 28. Nh5 Rg6 29. Nf4 Rf6 30. Nh5 Rg6 31. Nf4 Rf6 1/2-1/2

[Event "II Cerrado Promocion FNA 2022"]
[Site "Pamplona"]
[Date "2022.01.06"]
[Round "6.2"]
[White "Labiano Hernandez, Juan"]
[Black "Habans Aguerrea, Javier"]
[Result "0-1"]
[ECO "A43"]
[WhiteElo "2210"]
[BlackElo "2298"]
[Annotator "ChessBase"]
[PlyCount "132"]
[EventDate "2022.01.02"]
[EventType "tourn"]
[EventCountry "ESP"]
[SourceTitle "playchess.com"]
[Source "ChessBase"]
[SourceQuality "1"]
[TimeControl "5400+30"]

1. d4 Nf6 2. Nf3 c5 3. d5 g6 4. Nc3 Bg7 5. e4 O-O 6. Bd3 d6 7. h3 e6 8. O-O exd5 9. exd5 Na6 10. Bc4 Nc7 11. Re1 Qd7 12. a4 b6 13. Bf4 Bb7 14. Qd3 a6 15. Bh2 Rfd8 16. Ng5 h6 17. Nge4 Nxe4 18. Nxe4 b5 19. Ba2 c4 20. Qf3 Nxd5 21. Nxd6 Bc6 22. Ne4 Bxb2 23. Rad1 Qf5 24. Qxf5 gxf5 25. Ng3 Nc3 26. Rxd8+ Rxd8 27. Nxf5 Be4 28. Nd6 Bg6 29. axb5 axb5 30. Nxc4 bxc4 31. Bxc4 Bxc2 32. Bf4 Rd4 33. Re8+ Kh7 34. Rh8+ Kxh8 35. Be5+ Kg8 36. Bxd4 Ne2+ 37. Bxe2 Bxd4 38. Bf3 Kg7 39. g3 Kf6 40. Kg2 Ke5 41. Be2 f6 42. Ba6 Be4+ 43. Kf1 Bb6 44. Ke2 Kd4 45. h4 Bc7 46. Bb5 Bg6 47. Kf3 Ke5 48. Bd7 Bh5+ 49. Bg4 Bf7 50. Bc8 Bb6 51. g4 Ba5 52. Ke3 Bb6+ 53. Kf3 Be6 54. Ba6 Ba5 55. Kg3 Bd2 56. Bb7 Bf4+ 57. Kf3 Bc1 58. Kg3 Bd2 59. Bc6 Bd5 60. Bxd5 Kxd5 61. f4 Ke4 62. f5 Be1+ 63. Kh3 Kf4 64. g5 hxg5 65. h5 g4+ 66. Kg2 Kxf5 0-1

[Event "II Cerrado Promocion FNA 2022"]
[Site "Pamplona"]
[Date "2022.01.06"]
[Round "6.5"]
[White "Minzer, Claudio Javier"]
[Black "Luque Saiz, Andres"]
[Result "0-1"]
[ECO "D94"]
[WhiteElo "2442"]
[BlackElo "2288"]
[Annotator "ChessBase"]
[PlyCount "86"]
[EventDate "2022.01.02"]
[EventType "tourn"]
[EventCountry "ESP"]
[SourceTitle "playchess.com"]
[Source "ChessBase"]
[SourceQuality "1"]
[TimeControl "5400+30"]

1. c4 c6 2. e4 d5 3. exd5 cxd5 4. cxd5 Nf6 5. Nc3 Nxd5 6. Bc4 Nb6 7. Bb3 Nc6 8. Nf3 g6 9. d4 Bg7 10. O-O O-O 11. a4 Bg4 12. Be3 Na5 13. Ba2 Nac4 14. Qe2 Rc8 15. Rfc1 Nxe3 16. fxe3 e5 17. Rd1 exd4 18. exd4 Re8 19. Qf1 Qf6 20. Ne5 Be6 21. Qxf6 Bxf6 22. Ne4 Bxe5 23. dxe5 Re7 24. a5 Nc4 25. Rac1 Rc6 26. Bxc4 Rxc4 27. Rxc4 Bxc4 28. Rd4 Bb5 29. Nf6+ Kg7 30. Rd8 Rxe5 31. Ng4 Re2 32. h3 Bc6 33. Nf2 Rxb2 34. g4 Ra2 35. h4 Rxa5 36. g5 h6 37. gxh6+ Kxh6 38. Kh2 Kg7 39. Rc8 Rf5 40. Nh3 a5 41. Ng5 a4 42. Kg3 Ra5 43. Rc7 Bd5 0-1

[Event "II Cerrado Promocion FNA 2022"]
[Site "Pamplona"]
[Date "2022.01.07"]
[Round "7.4"]
[White "Habans Aguerrea, Javier"]
[Black "Escartin Lacasa, Jose"]
[Result "1/2-1/2"]
[ECO "D10"]
[WhiteElo "2298"]
[BlackElo "2315"]
[Annotator "ChessBase"]
[PlyCount "72"]
[EventDate "2022.01.02"]
[EventType "tourn"]
[EventCountry "ESP"]
[SourceTitle "playchess.com"]
[Source "ChessBase"]
[SourceQuality "1"]
[TimeControl "5400+30"]

1. d4 d5 2. c4 c6 3. cxd5 cxd5 4. Bf4 Nc6 5. e3 Nf6 6. Nc3 Bg4 7. Qb3 Na5 8. Qa4+ Bd7 9. Qc2 Rc8 10. Bd3 e6 11. Nf3 Bb4 12. O-O O-O 13. Rfc1 h6 14. h3 Nc4 15. a3 Bxc3 16. bxc3 Qa5 17. a4 Rc6 18. Ne5 Nxe5 19. Bxe5 Rfc8 20. Ra3 Ne4 21. Bxe4 dxe4 22. Qxe4 f6 23. Bg3 b5 24. Rb1 Rb6 25. Rab3 Qxa4 26. Bf4 Qc4 27. Ra3 a6 28. Rba1 Qc6 29. Qxc6 Rcxc6 30. e4 b4 31. cxb4 Rxb4 32. d5 Rc8 33. dxe6 Bxe6 34. Rxa6 Rxe4 35. Be3 Rc7 36. Ra7 Rec4 1/2-1/2

[Event "II Cerrado Promocion FNA 2022"]
[Site "Pamplona"]
[Date "2022.01.07"]
[Round "7.5"]
[White "Alonso Bouza, Julio Javier"]
[Black "Labiano Hernandez, Juan"]
[Result "1-0"]
[ECO "C42"]
[WhiteElo "2396"]
[BlackElo "2210"]
[Annotator "ChessBase"]
[PlyCount "99"]
[EventDate "2022.01.02"]
[EventType "tourn"]
[EventCountry "ESP"]
[SourceTitle "playchess.com"]
[Source "ChessBase"]
[SourceQuality "1"]
[TimeControl "5400+30"]

1. e4 e5 2. Nf3 Nf6 3. Nxe5 Nxe4 4. Qe2 Qe7 5. Qxe4 d6 6. d4 dxe5 7. dxe5 Nc6 8. Nc3 Qxe5 9. Qxe5+ Nxe5 10. Nb5 Bb4+ 11. Bd2 Bxd2+ 12. Kxd2 Kd8 13. Re1 f6 14. f4 Ng6 15. g3 Bd7 16. Nd4 Re8 17. Bd3 Nf8 18. Rxe8+ Kxe8 19. Re1+ Kd8 20. b4 Rc8 21. Nf5 Bxf5 22. Bxf5 Ra8 23. Kc3 c6 24. Kc4 g6 25. Bh3 b6 26. a4 h5 27. b5 cxb5+ 28. axb5 f5 29. Bg2 Rc8+ 30. Bc6 Kc7 31. Re7+ Kd6 32. Rxa7 Rb8 33. c3 Ke6 34. h4 Kf6 35. Bd5 Rc8+ 36. Kb4 Ne6 37. Bxe6 Kxe6 38. Rb7 Kd5 39. Rxb6 Rg8 40. c4+ Ke4 41. Ra6 Kf3 42. Ra3+ Kg4 43. b6 g5 44. fxg5 f4 45. gxf4 Kxh4 46. c5 Kg4 47. b7 h4 48. Ra8 h3 49. Rxg8 h2 50. Rh8 1-0